 Dungeon Crawl Stone Soup version 0.23-a0-375-g66a18ee0fb (webtiles) character file.

247 LostNumber the Sneak (level 6, -2/38 HPs)
             Began as a Kobold Assassin on Oct 27, 2018.
             Killed by divine providence
             ... invoked by an orc priest
              (14 damage)
             ... on level 2 of the Dungeon.
             The game lasted 00:04:57 (2233 turns).

LostNumber the Sneak (Kobold Assassin)              Turns: 2233, Time: 00:04:58

Health: -2/38      AC:  6    Str: 10    XL:     6   Next: 34%
Magic:  15/15      EV: 11    Int: 13    God:
Gold:   83         SH:  0    Dex: 16    Spells: 5/5 levels left

rFire    . . .     SeeInvis .   a - +2 dagger
rCold    . . .     Gourm    .   (shield restricted)
rNeg     . . .     Faith    .   k - +0 ring mail
rPois    .         Spirit   .   (no helmet)
rElec    .         Reflect  .   d - +0 cloak
rCorr    .         Harm     .   (no gloves)
MR       .....                  (no boots)
Stlth    ++........             (no amulet)
HPRegen  0.12/turn              m - ring of magical power
MPRegen  0.14/turn              (no ring)

@: heavily drained
A: small, carnivore
a: no special abilities


You were on level 2 of the Dungeon.
You were very full.

You visited 1 branch of the dungeon, and saw 3 of its levels.

You collected 83 gold pieces.

Inventory:

Hand Weapons
 a - a +2 dagger (weapon)
 b - a +0 blowgun
Missiles
 e - 23 poisoned needles
 f - 2 curare-tipped needles
Armour
 c - a +0 robe
 d - a +0 cloak (worn)
 k - a +0 ring mail (worn)
Jewellery
 m - a ring of magical power (left hand)
 s - a +3 ring of protection {unknown}
Scrolls
 i - 3 scrolls of fear {unknown}
Potions
 h - 4 potions of heal wounds {unknown}
 j - 2 potions of agility {unknown}
 n - a potion of haste {unknown}
 o - a potion of lignification {unknown}
 r - a potion of resistance {unknown}
Comestibles
 g - 7 rations


   Skills:
 + Level 3.8(2.5) Fighting
 * Level 6.1(4.7) Short Blades
 - Level 2.1(0.9) Throwing
 - Level 1.2(0.0) Dodging
 + Level 6.7(5.3) Stealth


You had 5 spell levels left.
You didn't know any spells.
Your spell library was empty.

Dungeon Overview and Level Annotations

Branches:
Dungeon (3/15)

Altars:

Annotations:
D:3 Terence


Innate Abilities, Weirdness & Mutations

You are small and have problems with some larger weapons.
You are carnivorous and can eat meat at any time.


Message History

The orc priest is lightly wounded.
You hit the orc priest but do no damage.
The orc priest is lightly wounded.
The orc priest hits you with a +2 flail of draining.
You feel drained.
You hit the orc priest but do no damage.
The orc priest is lightly wounded.
The orc priest barely misses you.
You hit the orc priest.
The orc priest is moderately wounded.
You completely miss the orc priest.
The orc priest is moderately wounded.
The orc priest hits you with a +2 flail of draining!
You feel drained.
* * * LOW HITPOINT WARNING * * *
You barely miss the orc priest.
The orc priest is moderately wounded.
The orc priest invokes the aid of Beogh against you.
Beogh smites you!
You die...

######### #...)...#
#.......#
##o......#########
#@................
#####........#########
#.....................
####.....##########.##
#..................
#.....#############
#####.# #.#
#####.########


You could see an orc priest.

Vanquished Creatures
  Sigmund (D:3)
  3 adders (D:2)
  A worm (D:1)
  A dart slug (D:1)
  4 giant cockroaches
  7 goblins
  8 hobgoblins
  7 jackals
  10 kobolds
  2 ball pythons
  2 bats (D:2)
  5 frilled lizards
  4 rats
55 creatures vanquished.

Notes
Turn   | Place    | Note
-------+----------+-------------------------------------------
     0 | D:1      | LostNumber the Kobold Assassin began the quest for the Orb.
     0 | D:1      | Reached XP level 1. HP: 12/12 MP: 1/1
   118 | D:1      | Reached XP level 2. HP: 18/18 MP: 2/2
   466 | D:1      | Reached XP level 3. HP: 19/22 MP: 3/3
   855 | D:2      | Found a faded altar of an unknown god.
   992 | D:2      | Reached XP level 4. HP: 13/28 MP: 4/4
  1967 | D:3      | Noticed Sigmund
  1970 | D:3      | Killed Sigmund
  1970 | D:3      | Reached XP level 5. HP: 33/33 MP: 5/5
  1970 | D:3      | Reached XP level 6. HP: 38/38 MP: 6/6
  2208 | D:3      | Noticed Terence
  2233 | D:2      | Killed from afar by an orc priest

Vault maps used:
D:1:      lightli_arrival_chessboard, minmay_box_of_dots
D:2:      chequers_ecumenical_altar_simple
D:3:      nicolae_ru_awakened_eye, cheibrodos_sewer_entry_bend, first_ration,
          minmay_crystal_water, saegor_snake_ambush, uniq_sigmund, uniq_robin,
          uniq_terence

Skill      XL: |  1  2  3  4 |
---------------+-------------+-----
Short Blades   | 3 4 6 |  6.1
Fighting       | 3 |  3.8
Stealth        | 6 |  6.7
Throwing       | |  2.1
Dodging        | |  1.2

Action                   |  1- 3 |  4- 6 || total
-------------------------+-------+-------++-------
Melee: Dagger            |   140 |    87 ||   227
 Fire: Blowgun           |       |     4 ||     4
  Use: Scroll            |       |     3 ||     3
 Stab: Sleeping          |     8 |     3 ||    11
  Eat: Chunk             |     8 |     4 ||    12
Armor: Ring mail         |    44 |    20 ||    64
       Robe              |     1 |       ||     1
Dodge: Dodged            |    79 |    38 ||   117

Table legend:
 A = Non-vault XP
 B = Vault XP
 C = Vault XP percentage of total XP
 D = Non-vault monster count
 E = Vault monster count
 F = Vault count percentage of total count
                 A         B        C        D         E       F
            +---------+---------+-------+---------+---------+-------
      Total |     127 |     227 |  64.1 |      51 |       4 |   7.3
            +---------+---------+-------+---------+---------+-------
        D:1 |      53 |       3 |   5.4 |      27 |       2 |   6.9
        D:2 |      74 |       0 |   0.0 |      24 |       0 |   0.0
        D:3 |       0 |     224 | 100.0 |       0 |       2 | 100.0
            +---------+---------+-------+---------+---------+-------
